 Dungeon Crawl Stone Soup version 0.21.1-1-g345015f (webtiles) character file.

2552 Fang the Cleaver (level 9, -6/60 HPs)
             Began as a Gargoyle Berserker on May 30, 2018.
             Was an Elder of Trog.
             Mangled by bande's ghost (10 damage)
             ... on level 7 of the Dungeon.
             The game lasted 00:08:58 (6439 turns).

Fang the Cleaver (Gargoyle Berserker)               Turns: 6439, Time: 00:08:58

Health: -6/60      AC: 12    Str: 25    XL:     9   Next: 56%
Magic:  9/9        EV: 14    Int:  7    God:    Trog [****..]
Gold:   334        SH:  0    Dex:  9    Spells: 8/8 levels left

rFire    . . .     SeeInvis .   a - +0 hand axe
rCold    + . .     Gourm    .   (no shield)
rNeg     + . .     Faith    .   E - +3 leather armour {rC+}
rPois    ∞         Spirit   .   (no helmet)
rElec    +         Reflect  .   (no cloak)
rCorr    +         Harm     .   (no gloves)
MR       +....                  (no boots)
Stlth    +++.......             s - amulet of rage
HPRegen  0.20/turn              r - ring of resist corrosion
MPRegen  0.11/turn              j - ring of protection from magic

@: berserk cooldown, slowed, very slow
A: negative energy resistance 1, electricity resistance, unbreathing,
petrification resistance, rot immunity, AC +6
a: Berserk, Trog's Hand, Brothers in Arms, Burn Spellbooks, Renounce Religion,
Evoke Berserk Rage


You were on level 7 of the Dungeon.
You worshipped Trog.
Trog was greatly pleased with you.
You were hungry.

You visited 2 branches of the dungeon, and saw 8 of its levels.

You collected 334 gold pieces.

Inventory:

Hand Weapons
 a - a +0 hand axe (weapon)
Armour
 E - a +3 leather armour of cold resistance (worn)
Jewellery
 f - an uncursed ring of positive energy
 j - a ring of protection from magic (right hand)
 m - an uncursed ring of ice
 p - an uncursed ring of wizardry
 r - a ring of resist corrosion (left hand)
 s - an amulet of rage (around neck)
Wands
 q - a wand of polymorph (16)
 y - a wand of flame (18)
Scrolls
 g - 2 scrolls of remove curse
Potions
 b - a potion of flight
 i - 2 potions of heal wounds
 l - a potion of curing
 t - 2 potions of lignification
 v - a potion of might
 x - a potion of cancellation
 z - 2 potions of brilliance
 B - 2 potions of agility
 C - a potion of mutation {unknown}
 D - 3 potions of haste {unknown}
Comestibles
 c - 8 rations


   Skills:
 + Level 9.0 Fighting
 + Level 9.1 Axes
 + Level 2.4 Armour
 + Level 6.6 Dodging
 + Level 7.7 Stealth


You had 8 spell levels left.
You didn't know any spells.

Dungeon Overview and Level Annotations

Branches:
Dungeon (7/15)             Temple (1/1) D:6

Altars:
Ashenzari
Cheibriados
Dithmenos
Elyvilon
Fedhas
Gozag
Hepliaklqana
Kikubaaqudgha
Makhleb
Nemelex Xobeh
Okawaru
Qazlal
Ru
Sif Muna
Trog
Uskayaw
Vehumet
Wu Jian
Xom
Yredelemnul
Zin
The Shining One

Shops:
D:4 *

Annotations:
D:7 bande's ghost, novice GrFi


Innate Abilities, Weirdness & Mutations

You are resistant to torment.
Your stone body is resilient. (AC +6)
You are immune to poison.
You resist negative energy. (rN+)
You are resistant to electric shocks. (rElec)
You can survive without breathing.
You are immune to petrification.
You are immune to rotting.


Message History

You feel yourself slow down. Bande's ghost closely misses you.
You hit bande's ghost but do no damage.
Bande's ghost is heavily damaged.
Bande's ghost hits you.
* * * LOW HITPOINT WARNING * * *
You hit bande's ghost but do no damage.
Bande's ghost is heavily damaged.
Bande's ghost wails, "You must not succeed where I failed!"
Bande's ghost hits you!
* * * LOW HITPOINT WARNING * * *
You hit bande's ghost.
Bande's ghost is heavily damaged.
Bande's ghost hits you but does no damage.
You hit bande's ghost but do no damage.
Bande's ghost is heavily damaged.
Bande's ghost barely misses you. Bande's ghost completely misses you.
You hit bande's ghost but do no damage.
Bande's ghost is heavily damaged.
Bande's ghost hits you!
You die...

..#.. ?.#.. .... ...###
....# ############...#
............#...#
.............#...#####
.............#.@.....#
.............#.W)......
.............#.........
.................#.....
.............#...#.....
.............#...# ....
.......<.....#...# ...
##############.### ###
#.#


You could see bande's ghost.

Vanquished Creatures
  Eustachio (D:6)
  An ice beast (D:6)
  A phantom (D:4)
  3 ogres
  A bullfrog (D:6)
  3 scorpions
  A howler monkey (D:4)
  A crimson imp (D:6)
  A bullfrog zombie (D:5)
  A centaur skeleton (D:6)
  An orc priest (D:6)
  Crazy Yiuf (D:2)
  3 hounds
  2 orc wizards (D:6)
  2 worker ants
  3 killer bee zombies
  A hound skeleton (D:3)
  Robin (D:2)
  8 adders
  2 oozes
  An adder zombie (D:5)
  4 adder skeletons
  A worm (D:3)
  A dart slug (D:1)
  8 leopard geckos
  11 orcs
  6 giant cockroaches
  19 goblins
  8 hobgoblins
  3 jackals (D:4)
  A quokka (D:3)
  A ball python (D:1)
  8 bats
  11 frilled lizards
  5 kobolds
  A leopard gecko zombie (D:6)
  12 rats
139 creatures vanquished.

Notes
Turn   | Place    | Note
-------+----------+-------------------------------------------
     0 | D:1      | Fang the Gargoyle Berserker began the quest for the Orb.
     0 | D:1      | Reached XP level 1. HP: 14/14 MP: 1/1
   147 | D:1      | Reached XP level 2. HP: 16/19 MP: 2/2
   242 | D:1      | Reached XP level 3. HP: 18/23 MP: 3/3
   360 | D:1      | Reached ** piety under Trog
   814 | D:2      | Noticed Robin
   823 | D:2      | Killed Robin
   826 | D:2      | Reached XP level 4. HP: 29/29 MP: 4/4
  1016 | D:2      | Found a runed door.
  1356 | D:2      | You fall through a shaft for 2 floors!
  1405 | D:4      | Reached XP level 5. HP: 27/33 MP: 5/5
  1460 | D:4      | Found Jeckoko's Assorted Antiques.
  1583 | D:4      | Reached *** piety under Trog
  1583 | D:4      | Reached skill level 1 in Stealth
  1583 | D:4      | Reached XP level 6. HP: 34/39 MP: 6/6
  1701 | D:4      | Noticed a phantom
  1713 | D:4      | Killed a phantom
  1713 | D:4      | Reached skill level 5 in Axes
  2672 | D:2      | Noticed Crazy Yiuf
  2680 | D:2      | Paralysed by Crazy Yiuf for 3 turns
  2685 | D:2      | Killed Crazy Yiuf
  2685 | D:2      | Reached XP level 7. HP: 4/44 MP: 3/7
  3221 | D:5      | Entered Level 5 of the Dungeon
  3479 | D:5      | Reached skill level 5 in Fighting
  3906 | D:5      | Found a bloodstained altar of Trog.
  4805 | D:6      | Reached XP level 8. HP: 47/50 MP: 8/8
  5157 | D:6      | Noticed Eustachio
  5205 | D:6      | Killed Eustachio
  5205 | D:6      | Reached **** piety under Trog
  5262 | D:6      | Reached XP level 9. HP: 48/60 MP: 9/9
  5549 | D:6      | Found a staircase to the Ecumenical Temple.
  5979 | Temple   | Entered the Ecumenical Temple
  6404 | D:7      | Noticed bande's ghost (novice GrFi)
  6439 | D:7      | Mangled by bande's ghost

Skill      XL: |  1  2  3  4  5  6  7  8  9 |
---------------+----------------------------+-----
Axes           | 3 4 5 6 8 9 |  9.1
Dodging        | 2 3 6 |  6.6
Fighting       | 4 5 8 9 |  9.0
Stealth        | 1 7 |  7.7
Armour         | |  2.4

Action                   |  1- 3 |  4- 6 |  7- 9 || total
-------------------------+-------+-------+-------++-------
Melee: Hand axe          |   107 |   219 |   375 ||   701
Invok: Berserk           |     1 |     2 |     4 ||     7
  Use: Scroll            |       |       |    17 ||    17
       Potion            |       |       |     2 ||     2
 Stab: Sleeping          |     2 |       |     3 ||     5
  Eat: Chunk             |       |     4 |     7 ||    11
       Ration            |       |     1 |     3 ||     4
Armor: Animal skin       |    35 |    66 |   137 ||   238
       Leather armour    |       |       |    29 ||    29
Dodge: Dodged            |    83 |   110 |   255 ||   448
